 Dungeon Crawl Stone Soup version 0.24-a0-582-g4d4af813a0 (webtiles) character file.

Game seed: 16856342409810175432

17 Eightlegvermin the Insei (level 2, -1/18 HPs)
             Began as an Octopode Transmuter on Aug 26, 2019.
             Slain by a leopard gecko (4 damage)
             ... on level 2 of the Dungeon.
             The game lasted 00:01:59 (884 turns).

Eightlegvermin the Insei (Octopode Transmuter)       Turns: 884, Time: 00:01:59

Health: -1/18      AC:  1    Str:  9    XL:     2   Next: 62%
Magic:  4/5        EV: 13    Int: 15    God:
Gold:   61         SH:  0    Dex: 12    Spells: 4/5 levels left

rFire    . . .     SeeInvis .     - Unarmed
rCold    . . .     Gourm    .   (no shield)
rNeg     . . .     Faith    .   (helmet restricted)
rPois    .         Spirit   .   (no amulet)
rElec    .         Reflect  .   (no ring)
rCorr    .         Harm     .   (no ring)
MR       .....                  (no ring)
Stlth    +++.......             (no ring)
HPRegen  0.06/turn              (no ring)
MPRegen  0.09/turn              (no ring)
                                (no ring)
                                (no ring)

@: appendage
A: almost no armour, stealthy swim, amphibious, 8 rings, constrict 8, tentacle
spike 3, camouflage 1, gelatinous body 1
a: End Transformation


You were on level 2 of the Dungeon.
You were not hungry.
One of your tentacles had a temporary spike.
You visited 1 branch of the dungeon, and saw 2 of its levels.

You collected 61 gold pieces.

Inventory:

Missiles
 a - 12 arrows
Scrolls
 b - a scroll of remove curse {unknown}
 d - a scroll of magic mapping {unknown}
 f - a scroll of fog {unknown}
 g - a scroll of fear {unknown}
 h - a scroll of teleportation {unknown}
 i - a scroll of enchant weapon {unknown}
Potions
 e - a potion of curing {unknown}
Comestibles
 c - 3 rations


   Skills:
 - Level 1.0 Fighting
 - Level 2.1 Dodging
 * Level 1.8 Stealth
 + Level 3.4 Unarmed Combat
 - Level 2.0 Spellcasting
 + Level 2.1 Transmutations


You had 4 spell levels left.
You knew the following spells:

 Your Spells              Type           Power        Failure   Level  Hunger
a - Beastly Appendage     Tmut           #.....       10%         1    #......

Your spell library contained the following spells:

 Spells                   Type           Power        Failure   Level  Hunger
 Sticks to Snakes         Tmut           #.......     14%         2    ###....
 Spider Form              Tmut/Pois      #.........   41%         3    ###....
 Ice Form                 Ice/Tmut       #.......     82%         4    #####..
 Blade Hands              Tmut           #.........   95%         5    ######.


Dungeon Overview and Level Annotations

Branches:
Dungeon (2/15)

Altars:


Innate Abilities, Weirdness & Mutations

You cannot wear most types of armour.
You are very stealthy in the water. (Stealth+)
You are amphibious.
You can wear up to eight rings at the same time.
You can use your tentacles to constrict eight enemies at once.
Your skin changes colour to match your surroundings (Stealth+).
Your rubbery body absorbs attacks. (AC +1, EV +1)
One of your tentacles bears a large vicious spike.


Message History

Casting: Beastly Appendage (safe; 10% risk of failure)
Confirm with . or Enter, or press ? or * to list all spells.
One of your tentacles grows a vicious spike.
The leopard gecko hisses angrily.
You constrict the hobgoblin. The goblin hits you.
The hobgoblin hits you but does no damage.
You tentacle-slap the hobgoblin.
The hobgoblin is almost dead.
You constrict the hobgoblin.
You kill the hobgoblin!
The goblin hits you. The leopard gecko bites you.
You barely miss the goblin. You grab the goblin. You squeeze the goblin.
You kill the goblin!
The leopard gecko bites you.
* * * LOW HITPOINT WARNING * * *
You tentacle-slap the leopard gecko but do no damage.
Your grab misses the leopard gecko. The leopard gecko misses you.
You tentacle-slap the leopard gecko but do no damage.
Your grab misses the leopard gecko. The leopard gecko bites you.
You die...

.
#############.##..
#................
#<##.##..####
#(...@l......
#.!......†..####
#.#####.##.## #
#.# .# #.# > #..
.. #.# ## #.#


You could see a leopard gecko.

Vanquished Creatures
  A dart slug (D:1)
  A leopard gecko (D:1)
  5 goblins
  A hobgoblin (D:2)
  A bat (D:1)
  A frilled lizard (D:1)
  3 kobolds
  2 rats (D:1)
15 creatures vanquished.

Notes
Turn   | Place    | Note
-------+----------+-------------------------------------------
     0 | D:1      | Eightlegvermin the Octopode Transmuter began the quest for
                  | the Orb.
     0 | D:1      | Reached XP level 1. HP: 13/13 MP: 3/3
     2 | D:1      | Noticed a gargoyle
     2 | D:1      | Noticed a naga
     6 | D:1      | Noticed a vine stalker
     6 | D:1      | Noticed a demigod
     8 | D:1      | Noticed an ogre
    11 | D:1      | Noticed a halfling
    11 | D:1      | Noticed a felid
    13 | D:1      | Noticed an elf
    13 | D:1      | Noticed a draconian
    15 | D:1      | Noticed a vampire
    15 | D:1      | Noticed a ghoul
    17 | D:1      | Noticed a human
    17 | D:1      | Noticed a troll
    19 | D:1      | Noticed a dwarf
    19 | D:1      | Noticed a spriggan
    21 | D:1      | Noticed a tengu
    21 | D:1      | Noticed an octopode
    23 | D:1      | Noticed a minotaur
    23 | D:1      | Noticed a centaur
    25 | D:1      | Noticed a merfolk
    25 | D:1      | Noticed a formicid
    27 | D:1      | Noticed a demonspawn
   221 | D:1      | Reached XP level 2. HP: 18/18 MP: 5/5
   266 | D:1      | Reached skill level 1 in Stealth
   884 | D:2      | Slain by a leopard gecko

Levels and vault maps discovered:
D:1:      kb_arrival_jail, layout_loops_corners
D:2:      layout_loops_ring, nemelex_xobeh_ov_fountains_minmay

Skill      XL: |  1  2 |
---------------+-------+-----
Stealth        | 1 |  1.8
Fighting       | |  1.0
Dodging        | |  2.1
Unarmed Combat | |  3.4
Spellcasting   | |  2.0
Transmutations | |  2.1

Action                   || total
-------------------------++-------
Melee: Unarmed           ||    25
       Constrict         ||     9
       Tentacles         ||     4
 Cast: Beastly Appendage ||     1
 Stab: Sleeping          ||     4
Armor: Skin              ||     2
Dodge: Dodged            ||    11

Table legend:
 A = Non-vault XP
 B = Vault XP
 C = Vault XP percentage of total XP
 D = Non-vault monster count
 E = Vault monster count
 F = Vault count percentage of total count
                 A         B        C        D         E       F
            +---------+---------+-------+---------+---------+-------
      Total |      25 |       0 |   0.0 |      15 |       0 |   0.0
            +---------+---------+-------+---------+---------+-------
        D:1 |      21 |       0 |   0.0 |      12 |       0 |   0.0
        D:2 |       4 |       0 |   0.0 |       3 |       0 |   0.0
            +---------+---------+-------+---------+---------+-------
